 Dungeon Crawl Stone Soup version 0.26-a0-50-gc4d14cd842 (webtiles) character file.

Game seed: 2464755189630131477

651 Lanoc the Vandal (level 7, -4/46 HPs)
             Began as a Halfling Warper on June 4, 2020.
             Was a Follower of Kikubaaqudgha.
             Slain by a centaur (5 damage)
             ... on level 5 of the Dungeon.
             The game lasted 00:08:28 (5857 turns).

Lanoc the Vandal (Halfling Warper)                  Turns: 5857, Time: 00:08:29

Health: -4/46      AC:  6    Str:  8    XL:     7   Next: 84%
Magic:  9/9        EV: 16    Int: 12    God:    Kikubaaqudgha [*.....]
Gold:   190        SH:  0    Dex: 15    Spells: 7/9 levels left

rFire    . . .     SeeInvis .   a - +1 hunting sling
rCold    . . .     Gourm    .   (shield restricted)
rNeg     . . .     Faith    .   q - +0 leather armour
rPois    .         Spirit   .   (no helmet)
rElec    .         Reflect  .   w - +2 cloak
rCorr    .         Harm     .   (no gloves)
MR       .....                  (no boots)
Stlth    ..........             (no amulet)
HPRegen  0.15/turn              n - ring of attention (curse)
MPRegen  0.11/turn              x - -4 ring of strength (curse)

@: no status effects
A: small, mutation resistance 1
a: Receive Corpses, Renounce Religion


You were on level 5 of the Dungeon.
You worshipped Kikubaaqudgha.
Kikubaaqudgha was aware of your devotion.
You were not hungry.

You visited 2 branches of the dungeon, and saw 6 of its levels.

You collected 190 gold pieces.

Inventory:

Hand Weapons
 a - a +1 hunting sling (weapon)
 b - a +0 dagger of flaming
Missiles
 e - 5 boomerangs of dispersal
 g - 107 stones (quivered)
 j - 43 sling bullets
 s - 12 boomerangs
Armour
 q - a +0 leather armour (worn)
 w - a +2 cloak (worn)
Jewellery
 n - a cursed ring of attention (left hand)
 o - an uncursed ring of wizardry
 x - a cursed -4 ring of strength (right hand)
Wands
 u - a wand of iceblast (9)
Scrolls
 d - 3 scrolls of blinking
 h - 5 scrolls of identify
 k - 4 scrolls of amnesia
 l - 3 scrolls of teleportation
 t - 2 scrolls of enchant armour
 y - 2 scrolls of remove curse {unknown}
 B - a scroll of fear {unknown}
Potions
 c - a potion of degeneration {unknown}
 i - a potion of curing
 m - a potion of haste
 p - a potion of mutation {unknown}
 r - a potion of might
 v - 2 potions of brilliance {unknown}
 z - a potion of stabbing {unknown}
Comestibles
 f - 5 rations


   Skills:
 + Level 3.3 Fighting
   Level 2.0 Long Blades
 * Level 5.7(5.8) Slings
 - Level 1.0(2.6) Throwing
 - Level 3.4 Armour
 + Level 4.1 Dodging
 - Level 1.5 Spellcasting
 + Level 1.7 Necromancy
 + Level 4.6 Translocations


You had 7 spell levels left.
You knew the following spells:

 Your Spells              Type           Power        Failure   Level  Hunger
a - Blink                 Tloc           N/A          10%         2    ###....

Your spell library contained the following spells:

 Spells                   Type           Power        Failure   Level  Hunger
 Gell's Gravitas          Tloc           ##........   19%         3    ####...
 Lesser Beckoning         Tloc           ##........   19%         3    ####...
 Teleport Other           Tloc           ##......     19%         3    ####...
 Animate Skeleton         Necr           N/A          21%         1    ##.....
 Pain                     Necr           #...         21%         1    ##.....
 Shroud of Golubria       Chrm/Tloc      #.....       24%         2    ###....
 Sublimation of Blood     Necr           #.........   30%         2    ###....
 Summon Small Mammal      Summ           #...         38%         1    ##.....
 Call Imp                 Summ           #.......     52%         2    ###....
 Vampiric Draining        Necr           #.........   52%         3    ####...
 Passage of Golubria      Tloc           N/A          52%         4    #####..
 Call Canine Familiar     Summ           #.......     77%         3    ####...
 Summon Guardian Golem    Hex/Summ       #.......     77%         3    ####...
 Summon Ice Beast         Ice/Summ       #.......     99%         4    #####..
 Summon Lightning Spire   Summ/Air       #.......     99%         4    #####..


Dungeon Overview and Level Annotations

Branches:
Dungeon (5/15)             Temple (1/1) D:4

Altars:
Cheibriados
Kikubaaqudgha
Trog
Vehumet


Innate Abilities, Weirdness & Mutations

You are small and have problems with some larger weapons.
You are somewhat resistant to further mutation.


Message History

Firing (i - inventory. (/) - cycle)
g - 110 stones (quivered)
Press: ? - help, Shift-Dir - straight line, f/p - centaur
Aim: a centaur (almost dead)
You shoot a stone. The stone barely misses the centaur.
The centaur misses you.
Firing (i - inventory. (/) - cycle)
g - 109 stones (quivered)
Press: ? - help, Shift-Dir - straight line, f/p - centaur
Aim: a centaur (almost dead)
You shoot a stone. The stone hits the centaur.
The centaur is almost dead.
The centaur hits you.
* * * LOW HITPOINT WARNING * * *
Firing (i - inventory. (/) - cycle)
g - 108 stones (quivered)
Press: ? - help, Shift-Dir - straight line, f/p - centaur
Aim: a centaur (almost dead)
You shoot a stone.
The stone hits the centaur but does no damage.
The centaur is almost dead.
The centaur barely misses you. The centaur hits you.
You die...
Kikubaaqudgha rasps: "You have failed me!
Welcome... death!"

##### ### ##...##... .
##......... ...
#.......... .....#######
###..........
..(..(((c@.###............
.....(####.##..##.........
..... #.#<.###.....#...
...c #...####.##### # .((
##..# #..# #( #..###.## .
#####.....###
##...#.......#
#............#


You could see a centaur.

Vanquished Creatures
  An orc warrior (D:4)
  A phantom (D:4)
  A crocodile (D:5)
  A bullfrog (D:4)
  A crimson imp (D:5)
  A hound (D:4)
  An orc priest (D:4)
  An iguana (D:4)
  A worker ant (D:4)
  2 adders
  4 gnolls (D:4)
  A shadow imp (D:5)
  An ooze (D:3)
  An adder skeleton (D:4)
  3 dart slugs
  8 leopard geckos
  15 orcs
  A ball python (D:1)
  4 giant cockroaches
  6 hobgoblins
  10 jackals
  2 quokkas
  7 bats
  5 frilled lizards
  6 goblins
  8 kobolds
  A leopard gecko skeleton (D:4)
  10 rats
104 creatures vanquished.

Notes
Turn   | Place    | Note
-------+----------+-------------------------------------------
     0 | D:1      | Lanoc the Halfling Warper began the quest for the Orb.
     0 | D:1      | Reached XP level 1. HP: 14/14 MP: 3/3
   197 | D:1      | Reached XP level 2. HP: 10/19 MP: 4/4
  1107 | D:1      | Reached XP level 3. HP: 24/24 MP: 5/5
  1118 | D:1      | Learned a level 2 spell: Blink
  1381 | D:2      | Reached skill level 1 in Slings
  1666 | D:2      | Reached XP level 4. HP: 30/30 MP: 6/6
  2289 | D:3      | Reached skill level 2 in Slings
  2576 | D:3      | Reached XP level 5. HP: 35/35 MP: 7/7
  2963 | D:3      | Found a faded altar of an unknown god.
  2968 | D:3      | Became a worshipper of Kikubaaqudgha
  2968 | D:3      | Reached * piety under Kikubaaqudgha
  2968 | D:3      | Identified Kikubaaqudgha's Guide on Unholy Magic
                  | (Kikubaaqudgha gifted it to you on level 3 of the Dungeon)
  2968 | D:3      | Received a gift from Kikubaaqudgha
  3263 | D:4      | Reached skill level 3 in Slings
  3652 | D:4      | Noticed an orc warrior
  3732 | D:4      | Killed an orc warrior
  3732 | D:4      | Reached XP level 6. HP: 5/41 MP: 8/8
  4100 | D:4      | Noticed a phantom
  4120 | D:4      | Reached skill level 4 in Slings
  4164 | D:4      | Killed a phantom
  4164 | D:4      | Reached skill level 1 in Necromancy
  4276 | D:4      | Found a staircase to the Ecumenical Temple.
  4425 | Temple   | Entered the Ecumenical Temple
  4455 | D:4      | Reached XP level 7. HP: 46/46 MP: 9/9
  4724 | D:4      | Found a bloodstained altar of Trog.
  4784 | D:4      | Reached skill level 5 in Slings
  5245 | D:5      | Entered Level 5 of the Dungeon
  5856 | D:5      | HP: 1/46 [centaur (2)]
  5857 | D:5      | Slain by a centaur

Illustrated notes

Levels and vault maps discovered:
D:1:      lemuel_arrival_cross, layout_rooms
D:2:      layout_rooms
D:3:      layout_loops_cross, chequers_ecumenical_altar_lobes
D:4:      layout_loops_corners, overflow_temple_1_default,
          minmay_temple_entry_ruins, first_ration, nicolae_underground_beach
D:5:      layout_rooms, marbit_many_paths, nicolae_overflow_crystal_walls,
          grunt_ministairs_12, serial_park_tiny_1
Temple:   nicolae_temple_great_sept

Skill      XL: |  1  2  3  4  5  6  7 |
---------------+----------------------+-----
Fighting       | 2 3 |  3.3
Armour         | 2 3 |  3.4
Slings         | 1 2 3 4 5 |  5.7
Dodging        | 3 4 |  4.1
Translocations | 4 |  4.6
Necromancy     | 1 |  1.7
Long Blades    | |  2.0
Throwing       | |  1.0
Spellcasting   | |  1.5

Action                   |  1- 3 |  4- 6 |  7- 9 || total
-------------------------+-------+-------+-------++-------
Melee: Falchion          |    67 |       |       ||    67
       Dagger            |    56 |    12 |       ||    68
 Fire: Hunting sling     |    17 |   272 |   206 ||   495
  Use: Potion            |     2 |     4 |       ||     6
       Scroll            |       |     8 |       ||     8
  Eat: Chunk             |     3 |     5 |     4 ||    12
       Ration            |       |     1 |       ||     1
Armor: Leather armour    |    30 |    21 |    13 ||    64
Dodge: Dodged            |   111 |   103 |    81 ||   295
       Rpst.: Falchion   |    16 |       |       ||    16

Table legend:
 A = Non-vault XP
 B = Vault XP
 C = Vault XP percentage of total XP
 D = Non-vault monster count
 E = Vault monster count
 F = Vault count percentage of total count
                 A         B        C        D         E       F
            +---------+---------+-------+---------+---------+-------
      Total |     920 |      11 |   1.2 |     103 |       1 |   1.0
            +---------+---------+-------+---------+---------+-------
        D:1 |      31 |       0 |   0.0 |      19 |       0 |   0.0
        D:2 |      57 |       0 |   0.0 |      24 |       0 |   0.0
        D:3 |      65 |       0 |   0.0 |      25 |       0 |   0.0
        D:4 |     599 |       0 |   0.0 |      29 |       0 |   0.0
        D:5 |     168 |      11 |   6.1 |       6 |       1 |  14.3
            +---------+---------+-------+---------+---------+-------
